 Dungeon Crawl Stone Soup version 0.30-a0-116-g3b1a8e4ee4 (webtiles) character file.

Game seed: 4832610765162793696

72 porpoise the Poker (level 4, -3/35 HPs)
             Began as a Demonspawn Gladiator on Sept 13, 2022.
             Slain by Natasha (4 damage)
             ... on level 2 of the Dungeon.
             The game lasted 00:04:35 (2527 turns).

porpoise the Poker (Demonspawn Gladiator)           Turns: 2527, Time: 00:04:35

Health: -3/35      AC:  3    Str: 22    XL:     4   Next: 6%
Magic:  13/13      EV: 12    Int:  9    God:
Gold:   162        SH:  0    Dex: 15    Spells: 3/3 levels left

rFire   . . .      SeeInvis .    a - +0 trident
rCold   . . .      Faith    .    (no shield)
rNeg    . . .      Spirit   .    i - +0 leather armour
rPois   .          Reflect  .    (helmet restricted)
rElec   .          Harm     .    (no cloak)
rCorr   .          Rampage  .    (no gloves)
Will    .....                    (no boots)
Stlth   +.........               (no amulet)
HPRegen 0.11/turn                o - +6 ring of strength
MPRegen 0.13/turn                f - ring of magical power

@: slowed, very slow
A: antennae 1, demonic magic 1
a: no special abilities


You were on level 2 of the Dungeon.
You visited 1 branch of the dungeon, and saw 2 of its levels.

You collected 162 gold pieces.

Inventory:

Hand Weapons
 a - a +0 trident (weapon)
 b - a +0 sling
Missiles
 d - 3 throwing nets (quivered)
 e - a javelin
Armour
 i - a +0 leather armour (worn)
Jewellery
 f - a ring of magical power (right hand)
 o - a +6 ring of strength (left hand)
Scrolls
 g - a scroll of enchant weapon {unknown}
 h - a scroll of acquirement {unknown}
 j - a scroll of noise {unknown}
 k - a scroll of butterflies {unknown}
 n - a scroll of poison {unknown}
 p - a scroll of fear {unknown}
 q - a scroll of teleportation {unknown}
 s - 2 scrolls of identify {unknown}
 t - a scroll of summoning {unknown}
Potions
 l - a potion of degeneration {unknown}
 m - a potion of heal wounds {unknown}
 r - a potion of haste {unknown}


   Skills:
 + Level 3.3 Fighting
 + Level 3.7 Polearms
 - Level 1.7 Throwing
 - Level 2.6 Dodging


You had 3 spell levels left.
You didn't know any spells.
Your spell library contained the following spells:

 Spells                   Type           Power      Damage    Failure   Level
 Portal Projectile        Hex/Tloc       0%         N/A       80%         3
 Tukima's Dance           Hex            0%         N/A       80%         3
 Blade Hands              Tmut           0%         N/A       100%        5


Dungeon Overview and Level Annotations

Branches:
Dungeon (2/15)

Altars:

Annotations:
D:2 Natasha


Innate Abilities, Weirdness & Mutations

You have a pair of small antennae on your head.
Spells you cast may paralyse adjacent enemies.


Message History

There is an open door here.
There is an open door here.
There is an open door, spattered with blood here.
You open the door.
Natasha, Servant of Life and Death comes into view.
Natasha hisses angrily.
You reach to attack!
You miss Natasha. Natasha casts a spell at you. The magic dart hits you.
You closely miss Natasha.
Natasha mumbles some strange words.
You barely miss Natasha. Natasha claws you but does no damage.
You barely miss Natasha. Natasha claws you!
You barely miss Natasha. Natasha claws you.
You closely miss Natasha. Natasha casts a spell at you.
The magic dart hits you.
* * * LOW HITPOINT WARNING * * *
You barely miss Natasha. Natasha claws you.
* * * LOW HITPOINT WARNING * * *
The crimson imp blinks!
You barely miss Natasha. Natasha misses you.
You puncture Natasha!
Natasha is severely wounded.
Natasha claws you.
* * * LOW HITPOINT WARNING * * *
Natasha claws you.
* * * LOW HITPOINT WARNING * * *
You closely miss Natasha.
Natasha is severely wounded.
Natasha stares at you and mumbles some strange words.
You feel yourself slow down.
You hit Natasha.
Natasha is severely wounded.
Natasha stares at you and mumbles some strange words.
You resist with some effort.
You barely miss Natasha.
Natasha is severely wounded.
Natasha claws you.
You die...

.# ##.##.##.##.##.##.....# #.#
.###...###...###...####### #.#
..#.....#.....#.....#..# #.#
#.'..8..'..>..'..8..'..# ###.#
###.....#.....#.....##.####.#.#
###...###...###...###.##.....#
##.##.##.##.##.##.## ####.#...#
#...###...#'#...###...##..#######
.....'.....+....@h5....'...).....
#...###...#+#...###...#######....
##.##.##.##.##.## ## #....
.###...###...### #....
..#.....#.....# ### #....
..'.....'..)..+ +.. #....
..#.....#.....# #.######....
.###...###.†.### ###...........
## ##.##.##.##.## ##.##....###...


You could see Natasha and a crimson imp (summoned).

Vanquished Creatures
  Natasha (D:2)
  An adder (D:2)
  A worm (D:2)
  A dart slug (D:2)
  4 ball pythons
  2 bats (D:2)
  5 endoplasms
  2 hobgoblins
  4 jackals (D:1)
  2 kobolds
  3 frilled lizards
  2 goblins (D:2)
  4 rats
32 creatures vanquished.

Notes
Turn   | Place    | Note
-------+----------+-------------------------------------------
     0 | D:1      | porpoise the Demonspawn Gladiator began the quest for the
                  | Orb.
     0 | D:1      | Reached XP level 1. HP: 16/16 MP: 1/1
   231 | D:1      | Gained mutation: Spells you cast may paralyse adjacent
                  | enemies. [demonic ancestry]
   231 | D:1      | Reached XP level 2. HP: 23/23 MP: 2/2
  1078 | D:1      | Found a faded altar of an unknown god.
  1692 | D:2      | Reached XP level 3. HP: 25/28 MP: 3/3
  1856 | D:2      | Noticed Natasha
  1872 | D:2      | Killed Natasha
  2417 | D:2      | Gained mutation: You have a pair of small antennae on your
                  | head. [demonic ancestry]
  2417 | D:2      | Reached XP level 4. HP: 35/35 MP: 4/4
  2515 | D:2      | Noticed Natasha
  2524 | D:2      | HP: 1/35 [Natasha (2)]
  2527 | D:2      | Slain by Natasha

Illustrated notes

Levels and vault maps discovered:
D:1:      shiori_shiawase, layout_basic, shapermc_ecumenical_altar_mp_vishouse
D:2:      minmay_diamond_boxcup, layout_basic, nicolae_hexahallways,
          uniq_natasha, uniq_robin

Skill      XL: |  1  2  3 |
---------------+----------+-----
Polearms       | 3 |  3.7
Fighting       | 3 |  3.3
Throwing       | |  1.7
Dodging        | |  2.6

Action                   |  1- 3 |  4- 6 || total
-------------------------+-------+-------++-------
Melee: Trident           |   109 |    19 ||   128
 Stab: Sleeping          |     1 |       ||     1
Armor: Leather armour    |    19 |     2 ||    21
Dodge: Dodged            |    52 |     3 ||    55

Table legend: (Time is in decaauts)
 A = Elapsed time spent in this place.
 B = Non-inter-level travel time spent in this place.
 C = Inter-level travel time spent in this place.
 D = Time resting spent in this place.
 E = Time spent auto-exploring this place.
 F = Levels seen in this place.
 G = Mean time per level.
                   A        B        C        D        E       F      G
               +--------+--------+--------+--------+--------+-----+--------+
         Total |   2542 |   2520 |     22 |    791 |   1396 |   2 | 1271.0 |
       Dungeon |   2542 |   2520 |     22 |    791 |   1396 |   2 | 1271.0 |
               +--------+--------+--------+--------+--------+-----+--------+

Top non-repeatable levels by time:
     D:1: 1314 daAuts
     D:2: 1228 daAuts
